 Dungeon Crawl Stone Soup version 0.27.1-34-g3ba077fa99 (webtiles) character file.

Game seed: 15050869917174958345

165 sankara the Insei (level 5, -4/40 HPs)
             Began as a Draconian Transmuter on Jan 26, 2022.
             Slain by Grinder (6 damage)
             ... while paralysed by Grinder
             ... on level 4 of the Dungeon.
             The game lasted 00:07:01 (3770 turns).

sankara the Insei (Draconian Transmuter)            Turns: 3770, Time: 00:07:02

Health: -4/40      AC:  6    Str: 12    XL:     5   Next: 22%
Magic:  6/8        EV:  2    Int: 14    God:
Gold:   209        SH:  0    Dex: 12    Spells: 2/8 levels left

rFire    . . .     SeeInvis .     - Unarmed
rCold    . . .     Faith    .   (no shield)
rNeg     . . .     Spirit   .   (armour unavailable)
rPois    .         Reflect  .   (helmet restricted)
rElec    .         Harm     .   b - +0 cloak
rCorr    .         Rampage  .   (no gloves)
Will     .....                  (no boots)
Stlth    +.........             (no amulet)
HPRegen  0.13/turn              (no ring)
MPRegen  0.11/turn              (no ring)

@: paralysed
A: AC +5, unfitting armour, cold-blooded
a: no special abilities


You were on level 4 of the Dungeon.
You visited 1 branch of the dungeon, and saw 4 of its levels.

You collected 209 gold pieces.

Inventory:

Hand Weapons
 f - a +0 hunting sling
Missiles
 a - 188 stones
 g - 5 poisoned darts
 k - 25 sling bullets
Armour
 b - a +0 cloak (worn)
 i - a scarf of repulsion
Jewellery
 e - a ring of ice
Scrolls
 c - 3 scrolls of magic mapping
 j - a scroll of silence {unknown}
 l - 2 scrolls of blinking
Potions
 d - 2 potions of heal wounds {unknown}
 h - a potion of might {unknown}
 m - a potion of brilliance {unknown}
 n - 3 potions of curing {unknown}


   Skills:
 - Level 1.1 Fighting
 - Level 1.7 Dodging
 + Level 4.4 Unarmed Combat
 - Level 2.0 Spellcasting
 + Level 3.7 Transmutations
 + Level 2.0 Poison Magic


You had 2 spell levels left.
You knew the following spells:

 Your Spells              Type           Power      Damage    Failure   Level
a - Beastly Appendage     Tmut           22%        N/A       4%          1
b - Wereblood             Tmut           11%        N/A       8%          2
c - Spider Form           Tmut/Pois      4%         N/A       22%         3

Your spell library contained the following spells:

 Spells                   Type           Power      Damage    Failure   Level
 Sublimation of Blood     Necr           0%         N/A       34%         2
 Ice Form                 Ice/Tmut       6%         N/A       73%         4
 Petrify                  Tmut/Erth      6%         N/A       73%         4
 Irradiate                Conj/Tmut      3%         3d15      97%         5


Dungeon Overview and Level Annotations

Branches:
Dungeon (4/15)
 Temple: D:4-7

Altars:

Shops:
D:1 (   D:2 (

Annotations:
D:4 Grinder


Innate Abilities, Weirdness & Mutations

Your plain brown scales are hard. (AC +5)
You cannot fit into any form of body armour.
You are cold-blooded and may be slowed by cold attacks.


Message History

You hit Grinder.
Grinder is moderately wounded.
Grinder misses you.
You hit Grinder.
Grinder is moderately wounded.
Grinder closely misses you.
You barely miss Grinder.
Grinder is moderately wounded.
Grinder misses you.
You barely miss Grinder.
Grinder is moderately wounded.
You hit Grinder.
Grinder is heavily wounded.
Grinder gestures at you. You resist with significant effort.
You hit Grinder.
Grinder is severely wounded.
Grinder gestures at you.
You barely resist. You hit Grinder but do no damage.
Grinder is severely wounded.
Grinder hits you but does no damage.
You closely miss Grinder.
Grinder is severely wounded.
Grinder gestures at you. Pain shoots through your body!
* * * LOW HITPOINT WARNING * * *
You barely miss Grinder.
Grinder is severely wounded.
Grinder gestures at you.
You suddenly lose the ability to move!
Your transformation has ended.
Your +0 cloak unmelds from your body.
Grinder hits you.
* * * LOW HITPOINT WARNING * * *
You writhe in agony.
* * * LOW HITPOINT WARNING * * *
Grinder says, "I used to sell toenails on the black market."
Grinder hits you but does no damage. Grinder hits you.
You die...

###########
........#.#######
........#....@5.#
........#.#####.#
..........# #.#
........### #.#
..........#####.#
........#.#.ยง.#.#
.........<#.#.#5#
######.#..#.#...#
#.#..#.#####


You could see Grinder.

Vanquished Creatures
  Natasha (twice) (D:3)
  5 adders
  2 dart slugs (D:1)
  An orc (D:3)
  5 endoplasms
  2 giant cockroaches (D:3)
  5 goblins
  12 hobgoblins
  2 jackals (D:4)
  7 kobolds
  4 ball pythons
  8 bats
  3 frilled lizards
  10 rats
68 creatures vanquished.

Notes
Turn   | Place    | Note
-------+----------+-------------------------------------------
     0 | D:1      | sankara the Draconian Transmuter began the quest for the
                  | Orb.
     0 | D:1      | Reached XP level 1. HP: 16/16 MP: 3/3
    50 | D:1      | Found Bod Soro's Weapon Shop.
   318 | D:1      | Reached XP level 2. HP: 12/23 MP: 3/5
   512 | D:1      | Learned a level 2 spell: Wereblood
   938 | D:1      | Reached XP level 3. HP: 23/28 MP: 3/6
   942 | D:1      | Learned a level 3 spell: Spider Form
  1301 | D:2      | Found Cuohiat's Antique Weapon Boutique.
  1356 | D:2      | Found a faded altar of an unknown god.
  1644 | D:2      | Reached skill level 1 in Poison Magic
  2175 | D:3      | Reached XP level 4. HP: 25/35 MP: 3/7
  2450 | D:3      | Reached skill level 4 in Unarmed Combat
  2802 | D:3      | Noticed Natasha
  2809 | D:3      | Killed Natasha
  3111 | D:3      | Noticed Natasha
  3121 | D:3      | Killed Natasha
  3122 | D:3      | Reached XP level 5. HP: 34/40 MP: 2/8
  3726 | D:4      | Noticed Grinder
  3727 | D:4      | Paralysed by Grinder for 2 turns
  3767 | D:4      | Paralysed by Grinder for 3 turns
  3768 | D:4      | HP: 2/40 [Grinder (4)]
  3770 | D:4      | Slain by Grinder

Illustrated notes

Levels and vault maps discovered:
D:1:      dpeg_arrival_subterranean_lakeside_camping, layout_basic,
          serial_shops, nicolae_shop_trees
D:2:      layout_rooms, dilly_ecumenical_altar_fadedgnrine, serial_shops, shop,
          lemuel_old_faithful
D:3:      layout_loops_cross, uniq_natasha
D:4:      layout_basic, corexii_corridor_pit, uniq_grinder, uniq_robin

Skill      XL: |  1  2  3  4  5 |
---------------+----------------+-----
Transmutations | 3 |  3.7
Poison Magic   | 1 2 |  2.0
Unarmed Combat | 4 |  4.4
Fighting       | |  1.1
Dodging        | |  1.7
Spellcasting   | |  2.0

Action                   |  1- 3 |  4- 6 || total
-------------------------+-------+-------++-------
Melee: Unarmed           |   100 |    71 ||   171
       Kick              |    19 |     1 ||    20
       Headbutt          |     9 |     1 ||    10
       Tailslap          |     7 |       ||     7
       Punch             |     2 |       ||     2
 Cast: Beastly Appendage |    30 |     2 ||    32
       Spider Form       |     1 |    14 ||    15
  Use: Scroll            |     6 |       ||     6
 Stab: Sleeping          |     3 |       ||     3
Armor: Skin              |    51 |     6 ||    57
Dodge: Dodged            |    74 |    49 ||   123
